Map: Frozen Temple

Players

Bails

  • Race: Protoss Protoss
  • League: Grandmaster

True - Winner!

  • Race: Zerg Zerg
  • League: Grandmaster

Event: Cheesadelphia Summer 2016

VOD

Have the link to the VOD?

Description

Time

  • Played on: July 24, 2016, 5:16 p.m.
  • Length: 6:48

All games in this series

Show
View Real Time Build Order
Export as new Build Order

Bails Protoss 

Build Orders: 1 Gate Expand 

Get SALT Encoding   

  12  0:00  Probe (Chrono Boost)  
  13  0:11  Probe (Chrono Boost)  
  14  0:17  Pylon  
  14  0:22  Probe (Chrono Boost)  
  15  0:36  Probe (Chrono Boost)  
  15  0:38  Gateway  
  16  0:46  Probe (Chrono Boost)  
  16  0:48  Assimilator  
  18  0:57  Probe (Chrono Boost)  
  18  1:07  Probe (Chrono Boost)  
  19  1:18  Probe (Chrono Boost)  
  20  1:31  Nexus  
  19  1:40  Cybernetics Core  
  19  1:43  Probe (Chrono Boost)  
  20  1:53  Probe (Chrono Boost)  
  21  1:56  Assimilator  
  21  1:59  Pylon  
  21  2:04  Probe (Chrono Boost)  
  21  2:08  Warp Gate  
  22  2:14  Adept  
  25  2:24  Probe (Chrono Boost)  
  25  2:26  Twilight Council  
  26  2:37  Probe (Chrono Boost)  
  26  2:38  Adept  
  26  2:43  Probe (Chrono Boost)  
  29  2:49  Probe (Chrono Boost), Resonating Glaives  
  30  2:54  Probe (Chrono Boost)  
  31  3:01  Probe (Chrono Boost)  
  33  3:06  Probe (Chrono Boost)  
  34  3:13  Probe (Chrono Boost)  
  34  3:17  Gateway  
  34  3:19  Gateway  
  34  3:23  Probe (Chrono Boost)  
  34  3:26  Probe (Chrono Boost)  
  38  3:27  Adept  
  39  3:35  Probe (Chrono Boost)  
  39  3:36  Pylon  
  39  3:38  Probe (Chrono Boost)  
  42  3:49  Robotics Facility, Mothership Core (Chrono Boost)  
  42  3:53  Probe (Chrono Boost)  
  43  4:04  Pylon  
  43  4:05  Probe (Chrono Boost)  
  43  4:09  Probe (Chrono Boost)  
  45  4:10  Adept  
  45  4:11  Adept  
  45  4:14  Adept  
  51  4:20  Probe (Chrono Boost)  
  52  4:31  Nexus  
  52  4:34  Sentry x2  
  52  4:37  Pylon  
  56  4:40  Adept  
  56  4:43  Probe (Chrono Boost)  
  56  4:45  Probe (Chrono Boost)  
  58  4:55  Probe (Chrono Boost)  
  58  4:56  Immortal  
  58  4:57  Adept x2  
  56  5:07  Assimilator  
  56  5:08  Adept  
  56  5:13  Pylon  
  58  5:18  Sentry, Pylon  
  58  5:21  Adept  
  62  5:24  Probe (Chrono Boost)  
  62  5:28  Probe (Chrono Boost)  
  64  5:30  Pylon  
  64  5:38  Adept  
  64  5:42  Probe (Chrono Boost)  
  66  5:43  Probe (Chrono Boost)  
  66  5:47  Adept x2  
  66  5:48  Adept  
  69  5:51  Immortal  
  69  5:54  Probe (Chrono Boost)  
  65  6:01  Assimilator  
  60  6:09  Adept x3  
  61  6:12  Probe (Chrono Boost)  
  61  6:16  Probe (Chrono Boost)  
  58  6:24  Probe (Chrono Boost)  
  57  6:31  Gateway  
  57  6:32  Adept x3  
  65  6:36  Gateway  
Show
View Real Time Build Order
Export as new Build Order

True Zerg - Winner!

Build Orders: Hatch First 

Get SALT Encoding   

  12  0:00  Drone  
  13  0:08  Drone  
  14  0:17  Overlord  
  14  0:23  Extractor, Drone  
  15  0:35  Drone  
  16  0:36  Drone  
  17  0:55  Hatchery  
  16  0:57  Drone  
  16  1:04  Drone  
  18  1:09  Extractor  
  17  1:19  Spawning Pool  
  17  1:20  Drone  
  17  1:24  Drone  
  18  1:36  Extractor  
  18  1:37  Drone  
  18  1:43  Drone  
  20  1:57  Hatchery  
  19  2:02  Drone  
  19  2:06  Drone  
  19  2:08  Drone  
  22  2:17  Metabolic Boost  
  22  2:25  Queen  
  24  2:32  Drone x2  
  24  2:35  Overlord  
  26  2:42  Zergling x4  
  28  2:47  Overlord  
  28  2:54  Queen  
  28  2:57  Drone, Zergling x2  
  33  2:58  Drone  
  33  3:04  Drone  
  33  3:05  Drone  
  35  3:09  Drone  
  36  3:13  Queen  
  36  3:15  Drone  
  36  3:16  Drone  
  40  3:23  Drone  
  40  3:26  Extractor  
  40  3:28  Drone, Roach Warren  
  40  3:30  Drone  
  40  3:33  Drone  
  42  3:36  Overlord  
  42  3:41  Drone  
  42  3:42  Drone  
  42  3:46  Overlord  
  45  3:48  Drone  
  45  3:52  Overlord  
  45  4:09  Roach  
  53  4:10  Roach x5  
  53  4:12  Roach  
  53  4:14  Zergling x4  
  61  4:17  Zergling x4  
  61  4:19  Zergling x2  
  61  4:22  Zergling x2  
  61  4:23  Zergling x2  
  66  4:24  Zergling x2  
  66  4:26  Zergling x2  
  66  4:30  Zergling x4  
  70  4:34  Zergling x4  
  70  4:35  Zergling x2  
  70  4:37  Zergling x2  
  74  4:42  Overlord  
  73  4:51  Overlord  
  73  4:57  Overlord  
  69  5:02  Ravager x3  
  69  5:05  Zergling x2  
  69  5:06  Zergling x16  
  80  5:08  Ravager  
  80  5:13  Zergling x4  
  80  5:14  Zergling x2  
  84  5:19  Zergling x2  
  85  5:24  Zergling x4  
  85  5:25  Ravager  
  87  5:29  Zergling x2  
  87  5:32  Zergling x6  
  89  5:36  Zergling x6  
  89  5:38  Zergling x2  
  87  5:45  Zergling x2  
  79  5:54  Zergling x10  
  79  5:56  Zergling x2  
  79  5:57  Zergling x2  
  79  5:59  Zergling x2  
  79  6:00  Ravager  
  79  6:02  Zergling x4  
  81  6:05  Zergling x2  
  81  6:08  Zergling x2  
  81  6:09  Zergling x2  
  79  6:15  Zergling x2  
  78  6:18  Zergling x2  
  78  6:19  Zergling x2  
  78  6:26  Zergling x2  
  78  6:28  Zergling x6  
  78  6:30  Zergling x2  
Tags
 
Add a new tag
Caveats
  • Supply blocks, unpowered buildings, or Contaminate may cause inaccurate times.
  • Supply counts are checked every 10 seconds.